 Dungeon Crawl Stone Soup version 0.24-a0-275-g6f7e2cb (webtiles) character file.

Game seed: 1640930921182885452

70 Gorice the Magician (level 4, -1/32 HPs)
             Began as a Gnoll Wizard on Apr 28, 2019.
             Succumbed to Sigmund's poison
             ... on level 2 of the Dungeon.
             The game lasted 00:06:22 (1900 turns).

Gorice the Magician (Gnoll Wizard)                  Turns: 1900, Time: 00:06:22

Health: -1/32      AC:  3    Str:  9    XL:     4   Next: 22%
Magic:  1/13       EV: 14    Int: 21    God:
Gold:   69         SH:  0    Dex: 14    Spells: 4/17 levels left

rFire    . . .     SeeInvis .   n - +0 short sword
rCold    . . .     Gourm    .   (no shield)
rNeg     + . .     Faith    .   a - +0 robe
rPois    .         Spirit   .   b - +1 hat
rElec    .         Reflect  .   (no cloak)
rCorr    .         Harm     .   (no gloves)
MR       .....                  (no boots)
Stlth    +++.......             (no amulet)
HPRegen  0.10/turn              g - ring of positive energy
MPRegen  0.13/turn              (no ring)

@: lethally poisoned (-1 -> -26), very slightly contaminated
A: distributed training, fangs 1, strong nose
a: no special abilities


You were on level 2 of the Dungeon.
You were hungry.

You visited 1 branch of the dungeon, and saw 2 of its levels.

You collected 69 gold pieces.

Inventory:

Hand Weapons
 i - a +1 club
 n - a +0 short sword (weapon)
Missiles
 f - 20 sling bullets
 l - 2 needles of sleeping
 m - 3 tomahawks (quivered)
 Y - 57 stones
Armour
 a - a +0 robe (worn)
 b - a +1 hat (worn)
 e - a +0 chain mail
Jewellery
 g - a ring of positive energy (left hand)
Scrolls
 c - a scroll of enchant armour
 h - a scroll of fear {!r}
Potions
 j - 3 potions of curing
 o - a potion of heal wounds {unknown}
 p - 3 potions of mutation {unknown}
Comestibles
 d - 5 rations


   Skills:
 + Level 1.0 Fighting
 + Level 1.0 Short Blades
 + Level 1.0 Long Blades
 + Level 1.0 Axes
 + Level 1.0 Maces & Flails
 + Level 1.0 Polearms
 + Level 1.0 Staves
 + Level 1.0 Slings
 + Level 1.0 Bows
 + Level 1.0 Crossbows
 + Level 1.0 Throwing
 + Level 1.0 Armour
 + Level 4.6 Dodging
 + Level 4.2 Stealth
 + Level 1.0 Shields
 + Level 1.0 Unarmed Combat
 + Level 7.2 Spellcasting
 + Level 2.2 Conjurations
 + Level 0.8 Hexes
 + Level 0.8 Charms
 + Level 2.2 Summonings
 + Level 0.8 Necromancy
 + Level 2.2 Translocations
 + Level 0.8 Transmutations
 + Level 0.8 Fire Magic
 + Level 0.8 Ice Magic
 + Level 0.8 Air Magic
 + Level 0.8 Earth Magic
 + Level 0.8 Poison Magic
 + Level 1.1 Invocations
 + Level 1.0 Evocations


You had 4 spell levels left.
You knew the following spells:

 Your Spells              Type           Power        Failure   Level  Hunger
a - Magic Dart            Conj           ###.         3%          1    None
b - Slow                  Hex            ##......     10%         2    None
c - Conjure Flame         Conj/Fire      ##......     14%         3    None
e - Mephitic Cloud        Conj/Pois/Air  ##......     16%         3    None
i - Call Imp              Summ           ###.....     5%          2    None
J - Blink                 Tloc           N/A          5%          2    None

Your spell library contained the following spells:

 Spells                   Type           Power        Failure   Level  Hunger


Dungeon Overview and Level Annotations

Branches:
Dungeon (2/15)

Altars:
Yredelemnul

Annotations:
D:2 Sigmund


Innate Abilities, Weirdness & Mutations

Your experience applies equally to all skills.
You have very sharp teeth.
Your uncanny sense of smell can sniff out nearby items.


Message History

Press: ? - help, Shift-Dir - straight line, f/p - Sigmund
Aim: Sigmund, wielding a +1 scythe of venom and wearing a +0 robe (heavily wounded, confused)
The magic dart hits Sigmund.
Sigmund is heavily wounded.
Casting: Magic Dart (safe; 3% risk of failure)
Confirm with . or Enter, or press ? or * to list all spells.
Aiming: Magic Dart (safe; 3% risk of failure)
Press: ? - help, Shift-Dir - straight line, f/p - Sigmund
Aim: Sigmund, wielding a +1 scythe of venom and wearing a +0 robe (heavily wounded, confused)
The magic dart hits Sigmund.
Sigmund is heavily wounded.
Sigmund hits you with a +1 scythe of venom.
You are poisoned.
Damage: 6 (max 6)
You catch the helpless Sigmund completely off-guard!
You hit Sigmund.
Sigmund is severely wounded.
You feel sick. Sigmund closely misses you.
Damage: 2 (max 6)
You hit Sigmund. You bite Sigmund, but do no damage.
Sigmund is severely wounded.
You feel sick.
Damage: 1 (max 6)
You hit Sigmund.
Sigmund is almost dead.
Sigmund seems less confused.
Sigmund hits you but does no damage.
You are more poisoned.
You hit Sigmund but do no damage.
Sigmund is almost dead.
You feel sick. Sigmund closely misses you.
Damage: 2 (max 6)
You hit Sigmund.
Sigmund is almost dead.
You feel sick.
Damage: 2 (max 6)
You closely miss Sigmund.
Sigmund is almost dead.
You feel sick.
Sigmund hits you with a +1 scythe of venom.
You are lethally poisoned!
Damage: 3 (max 6)
You hit Sigmund.
Sigmund is almost dead.
You feel sick.
Sigmund hits you with a +1 scythe of venom!
* * * LOW HITPOINT WARNING * * *
Damage: 15 (max 15)
You hit Sigmund but do no damage.
Sigmund is almost dead.
You die...

###.# #######'### #.# #.#
#.........# #.# #.#
#.#####.#.# #.# #.#
#.#####.#.# #.#
#.###.##......# #.#
#............)## #.#
#####..........######.#
#.........#@......#
#.........@########
#.........## ####....###
####.# #.# #### #.# #...
#.########## #..#
#.#....[...# #..#
######.#.######.#######...


You could see Sigmund.

Vanquished Creatures
  A crimson imp (D:2)
  A dart slug (D:1)
  4 leopard geckos (D:1)
  A giant cockroach (D:1)
  2 gnoll zombies (D:2)
  2 goblins (D:1)
  3 hobgoblins
  2 jackals (D:2)
  2 quokkas (D:2)
  3 bats
  A frilled lizard (D:2)
  3 kobolds
  4 rats
29 creatures vanquished.

Notes
Turn   | Place    | Note
-------+----------+-------------------------------------------
     0 | D:1      | Gorice the Gnoll Wizard began the quest for the Orb.
     0 | D:1      | Reached XP level 1. HP: 13/13 MP: 8/8
    77 | D:1      | Reached skill level 2 in Conjurations
    77 | D:1      | Reached skill level 2 in Summonings
    77 | D:1      | Reached skill level 2 in Translocations
    99 | D:1      | Reached XP level 2. HP: 19/19 MP: 6/10
   687 | D:2      | Reached XP level 3. HP: 25/25 MP: 8/11
   862 | D:2      | Found a basalt altar of Yredelemnul.
  1110 | D:2      | Noticed Sigmund
  1160 | D:1      | Learned a level 2 spell: Blink
  1163 | D:1      | Learned a level 2 spell: Call Imp
  1167 | D:1      | Learned a level 3 spell: Conjure Flame
  1171 | D:1      | Learned a level 3 spell: Mephitic Cloud
  1174 | D:1      | Learned a level 2 spell: Slow
  1565 | D:2      | Reached skill level 1 in Fighting
  1565 | D:2      | Reached skill level 1 in Short Blades
  1565 | D:2      | Reached skill level 1 in Long Blades
  1565 | D:2      | Reached skill level 1 in Axes
  1565 | D:2      | Reached skill level 1 in Maces & Flails
  1565 | D:2      | Reached skill level 1 in Polearms
  1565 | D:2      | Reached skill level 1 in Staves
  1565 | D:2      | Reached skill level 1 in Slings
  1565 | D:2      | Reached skill level 1 in Bows
  1565 | D:2      | Reached skill level 1 in Crossbows
  1565 | D:2      | Reached skill level 1 in Throwing
  1565 | D:2      | Reached skill level 1 in Armour
  1565 | D:2      | Reached skill level 1 in Shields
  1565 | D:2      | Reached skill level 1 in Unarmed Combat
  1565 | D:2      | Reached skill level 1 in Invocations
  1565 | D:2      | Reached skill level 1 in Evocations
  1565 | D:2      | Reached XP level 4. HP: 28/32 MP: 3/13
  1899 | D:2      | HP: 1/32 [Sigmund/+1 scythe of venom (14)]
  1900 | D:2      | Succumbed to Sigmund's poison

Levels and vault maps discovered:
D:1:      dpeg_arrival_pits, layout_basic, minmay_crystal_room
D:2:      layout_loops_corners, lemuel_zombie_altar_yredelemnul, uniq_sigmund

Skill      XL: |  1  2  3 |
---------------+----------+-----
Conjurations   | 2 |  2.2
Summonings     | 2 |  2.2
Translocations | 2 |  2.2
Fighting       | 1 |  1.0
Short Blades   | 1 |  1.0
Long Blades    | 1 |  1.0
Axes           | 1 |  1.0
Maces & Flails | 1 |  1.0
Polearms       | 1 |  1.0
Staves         | 1 |  1.0
Slings         | 1 |  1.0
Bows           | 1 |  1.0
Crossbows      | 1 |  1.0
Throwing       | 1 |  1.0
Armour         | 1 |  1.0
Shields        | 1 |  1.0
Unarmed Combat | 1 |  1.0
Invocations    | 1 |  1.1
Evocations     | 1 |  1.0
Dodging        | |  4.6
Stealth        | |  4.2
Spellcasting   | |  7.2
Hexes          | |  0.8
Charms         | |  0.8
Necromancy     | |  0.8
Transmutations | |  0.8
Fire Magic     | |  0.8
Ice Magic      | |  0.8
Air Magic      | |  0.8
Earth Magic    | |  0.8
Poison Magic   | |  0.8

Action                   |  1- 3 |  4- 6 || total
-------------------------+-------+-------++-------
Melee: Short sword       |    47 |     8 ||    55
       Bite              |     2 |     1 ||     3
 Cast: Magic Dart        |    62 |     6 ||    68
       Mephitic Cloud    |       |     2 ||     2
  Use: Scroll            |     4 |     2 ||     6
 Stab: Confused          |       |     1 ||     1
  Eat: Chunk             |     2 |       ||     2
Armor: Robe              |     7 |       ||     7
Dodge: Dodged            |    40 |     2 ||    42

Table legend:
 A = Non-vault XP
 B = Vault XP
 C = Vault XP percentage of total XP
 D = Non-vault monster count
 E = Vault monster count
 F = Vault count percentage of total count
                 A         B        C        D         E       F
            +---------+---------+-------+---------+---------+-------
      Total |      97 |       4 |   4.0 |      27 |       2 |   6.9
            +---------+---------+-------+---------+---------+-------
        D:1 |      32 |       0 |   0.0 |      15 |       0 |   0.0
        D:2 |      65 |       4 |   5.8 |      12 |       2 |  14.3
            +---------+---------+-------+---------+---------+-------

Table legend:
 A = Turns spent in this place as a percentage of turns spent in the entire game.
 B = Non-inter-level travel turns spent in this place as a percentage of non-inter-level travel turns spent in the entire game.
 C = Inter-level travel turns spent in this place as a percentage of turns spent in this place.
 D = Turns resting spent in this place as a percentage of non-inter-level travel turns spent in this place.
 E = Turns spent auto-exploring this place as a percentage of non-inter-level travel turns spent in this place.
 F = Non-inter-level travel turns spent in this place divided by the number of levels of this place that you've seen.
                   A       B       C       D       E      F
               +-------+-------+-------+-------+-------+----------------------
         Total | 100.0 | 100.0 |   4.2 |  11.5 |  57.9 | 910.0
       Dungeon | 100.0 | 100.0 |   4.2 |  11.5 |  57.9 | 910.0
               +-------+-------+-------+-------+-------+----------------------

Levels and vault maps discovered:
D:1:      dpeg_arrival_pits, layout_basic, minmay_crystal_room
D:2:      layout_loops_corners, lemuel_zombie_altar_yredelemnul, uniq_sigmund
